AoeStats
← Steaks3517

Arena

510830836Analyzed
3v3 RM · 11h ago on Oct 2, 2026· 57m 50s· 6 players
Game mode
Random Map
Map size
Normal (6 player)
Population
200
Speed
Normal
Resources
Standard
Victory
Conquest
Starting age
Dark Age
Ending age
Imperial Age
RankedLock teamsTeams togetherTeam positionsShared explorationLock speedFull tech treeHidden civsTurbo modeCheats
Victory
Defeat
🇦🇷 Huns · Argentina
538
+14
🇨🇱 Portuguese · Chile
503
+16
🇮🇪 Spanish · Ireland
477
+17
🇬🇷 Burgundians · Greece
550
-18
🇹🇷 Slavs · Türkiye
545
-17
🇺🇸 Sicilians · United States
411
-12
Steaks3517
5:11 Loom
15:47 Feudal Age
16:24 Double-Bit Axe
16:22 Horse Collar
17:37 Wheelbarrow
26:15 Castle Age
24:28 Scale Mail Armor
24:28 Padded Archer Armor
24:19 Fletching
24:40 Forging
24:35 Scale Barding Armor
23:58 Man-at-Arms
24:24 Arson
26:00 Stone Mining
26:02 Gold Mining
27:05 Heavy Plow
27:19 Bow Saw
27:48 Stone Shaft Mining
27:50 Caravan
28:21 Coinage
31:52 Hand Cart
32:15 Husbandry
32:07 Long Swordsman
32:34 Gambesons
36:17 Imperial Age
35:02 Chain Mail Armor
34:46 Bodkin Arrow
35:09 Leather Archer Armor
35:31 Iron Casting
35:48 Chain Barding Armor
35:46 Fortified Wall
36:56 Cavalier
39:51 Elite Conquistador
40:58 Supremacy
41:01 Conscription
40:13 Sappers
41:19 Hoardings
42:26 Two-Man Saw
43:38 Paladin
46:12 Inquisition
47:21 Blast Furnace
46:22 Bracer
46:54 Ring Archer Armor
47:05 Plate Mail Armor
47:49 Plate Barding Armor
50:30 Chemistry
49:27 Murder Holes
56:21 Two-Handed Swordsman
56:22 Pikeman
57:03 Squires
ezequielm
10:33 Feudal Age
11:57 Wheelbarrow
11:03 Horse Collar
11:13 Double-Bit Axe
17:41 Stone Mining
17:42 Gold Mining
20:54 Castle Age
21:51 Hand Cart
21:40 Heavy Plow
21:55 Bow Saw
21:37 Town Watch
21:38 Loom
23:14 Town Patrol
29:11 Stone Mining
29:59 Gold Shaft Mining
30:57 Scale Barding Armor
35:26 Imperial Age
33:54 Chain Barding Armor
33:12 Light Cavalry
34:03 Bloodlines
33:54 Husbandry
34:48 Ballistics
34:24 Murder Holes
34:40 Masonry
37:16 Chemistry
35:38 Elite Tarkan
36:40 Conscription
37:48 Two-Man Saw
37:28 Plate Barding Armor
36:18 Hussar
37:24 Cavalier
42:50 Guilds
43:11 Coinage
42:42 Caravan
51:20 Banking
Rolandomota2024
0:28 Loom
10:18 Feudal Age
15:16 Castle Age
21:12 Double-Bit Axe
22:08 Horse Collar
28:54 Imperial Age
27:48 Bow Saw
27:50 Heavy Plow
30:28 Wheelbarrow
30:29 Crop Rotation
31:21 Hand Cart
34:46 Two-Man Saw
33:54 Man-at-Arms
34:20 Gambesons
33:57 Pikeman
34:24 Arson
35:44 Chemistry
34:43 Murder Holes
35:27 Long Swordsman
35:28 Halberdier
36:04 Fletching
36:15 Padded Archer Armor
36:26 Forging
36:17 Scale Mail Armor
36:22 Scale Barding Armor
36:31 Arquebus
36:32 Two-Handed Swordsman
38:06 Bodkin Arrow
38:52 Iron Casting
41:12 Blast Furnace
40:29 Chain Mail Armor
40:30 Leather Archer Armor
40:28 Town Watch
40:42 Bodkin Arrow
41:21 Caravan
43:17 Champion
46:35 Bracer
47:09 Plate Mail Armor
47:12 Ring Archer Armor
48:50 Crossbowman
52:26 Bracer
52:47 Chain Barding Armor
54:16 Ballistics
54:04 Siege Engineers
54:24 Circumnavigation
Classified2045
14:51 Feudal Age
19:57 Castle Age
18:33 Town Watch
19:09 Horse Collar
19:40 Loom
21:52 Double-Bit Axe
24:06 Squires
28:34 Scale Mail Armor
28:35 Padded Archer Armor
31:10 First Crusade
31:05 Stone Mining
31:06 Gold Mining
31:28 Bow Saw
32:15 Wheelbarrow
37:21 Imperial Age
35:56 Arson
37:26 Elite Serjeant
38:28 Conscription
38:37 Capped Ram
43:28 Fletching
44:39 Heavy Plow
46:58 Gambesons
49:37 Ballistics
49:28 Masonry
drunk pank
0:55 Loom
btaskin076
15:43 Feudal Age
21:02 Castle Age
29:40 Wheelbarrow
28:55 Double-Bit Axe
29:04 Gold Mining
29:05 Stone Mining
29:42 Detinets
34:33 Fortified Wall
34:40 Pikeman
36:56 Squires
48:45 Hand Cart
48:59 Bow Saw
49:13 Scale Mail Armor
49:24 Forging
49:15 Horse Collar
51:15 Chain Mail Armor
54:27 Imperial Age
53:27 Iron Casting
55:07 Halberdier
56:31 Plate Mail Armor
Connection lost

Rejoining the realm…

Still unreachable

The connection could not be restored.

Session expired

The server has moved on; the page needs a fresh start.